Workbook
Name \0: #REF!
Name \0: #REF!
Name \1: #REF!
Name \1: #REF!
Name \b: [1]STRSUMM0!#REF!
Name \b: [1]STRSUMM0!#REF!
Name \k: '[2]7422CW00'!#REF!
Name \k: '[2]7422CW00'!#REF!
Name \Y: #REF!
Name \Y: #REF!
Name _______tot1: #REF!
Name _______tot1: #REF!
Name ______KO257: #REF!
Name ______KO257: #REF!
Name ______MZ3500: #REF!
Name ______MZ3500: #REF!
Name ______tot1: #REF!
Name ______tot1: #REF!
Name ______XB3500: #REF!
Name ______XB3500: #REF!
Name _____KO257: #REF!
Name _____KO257: #REF!
Name _____TD1: #REF!
Name _____TD1: #REF!
Name _____tot1: #REF!
Name _____tot1: #REF!
Name _____tot2: #REF!
Name _____tot2: #REF!
Name ____KO257: #REF!
Name ____KO257: #REF!
Name ____MZ3500: #REF!
Name ____MZ3500: #REF!
Name ____TD1: #REF!
Name ____TD1: #REF!
Name ____tot1: #REF!
Name ____tot1: #REF!
Name ____tot2: #REF!
Name ____tot2: #REF!
Name ____XB3500: #REF!
Name ____XB3500: #REF!
Name ___KO257: #REF!
Name ___KO257: #REF!
Name ___MZ3500: #REF!
Name ___MZ3500: #REF!
Name ___TD1: #REF!
Name ___TD1: #REF!
Name ___tot1: #REF!
Name ___tot1: #REF!
Name ___tot2: #REF!
Name ___tot2: #REF!
Name ___XB3500: #REF!
Name ___XB3500: #REF!
Name ___xlnm._FilterDatabase: #REF!
Name ___xlnm._FilterDatabase: #REF!
Name ___xlnm.Print_Area: "#N/A"
Name __ddl323: #REF!
Name __ddl323: #REF!
Name __KO257: #REF!
Name __KO257: #REF!
Name __MZ3500: #REF!

Sheet CONSOLIDADO
B2: PRESUPUESTO CONSOLIDADO SUBASTA
B3: OBJETO: | C3: Entrega de complementos alimentarios con el fin de contribuir al mejoramiento de la seguridad alimentaria y nutricional de las niñas, niños y mujeres gestantes priorizados en el Departamento de Antioquia
B4: DURACIÓN | C4: 15 MESES - SEPTIEMBRE 15/ 2025 A DICIEMBRE 14/2026 | G4: IPC estimado 2026 | H4: 0.06
B5: LOTE | C5: RUBRO | D5: Número de Unidades 2025 | E5: Costo Paquete IVA incluido | F5: Valor Total 2025 | G5: Número de Paquetes 2026 | H5: Costo Paquete IVA incluido | I5: Valor Total 2026 | J5: Valor total
B6: 1 | C6: Alimento listo para el consumo - ALC sobre 20 gr x 30 unidades | D6: 5400 | E6: =+'COMPLEMENTOS ALC'!S4 -> 72240 | F6: =+D6*E6 -> 390096000 | G6: 16200 | H6: =E6+(E6*$H$4) -> 76574.4 | I6: =+G6*H6 -> 1240505280 | J6: =+F6+I6 -> 1630601280
C7: Transporte a casco urbano municipios del Departamento de Antioquia | D7: =+D6 -> 5400 | E7: =+'TRANSPORTE SUBASTA '!J13 -> 1980.7505 | F7: =+D7*E7 -> 10696052 | G7: =+G6 -> 16200 | H7: =E7+(E7*$H$4) -> 2099.5955 | I7: =+G7*H7 -> 34013447 | J7: =+F7+I7 -> 44709499
C8: Bodega. Con un área mínima de 120 mts 2. Para almacenamiento de Alimentos. | D8: 3.5 | E8: =+BODEGA!I10 -> 3180000 | F8: =+D8*E8 -> 11130000 | G8: 11.5 | H8: =E8+(E8*$H$4) -> 3370800 | I8: =+G8*H8 -> 38764200 | J8: =+F8+I8 -> 49894200
C9: TOTAL LOTE ALIMENTO LISTO PARA EL CONSUMO | F9: =SUM(F6:F8) -> 4.1192205e+08 | I9: =SUM(I6:I8) -> 1.3132829e+09 | J9: =SUM(J6:J8) -> 1.725205e+09
B11: 2 | C11: Alimento lácteo en polvo 400 gr x 2 unidad | D11: 1200 | E11: =+'COMPLEMENTOS LEP'!T5 -> 46840 | F11: =+D11*E11 -> 56208000 | G11: 3200 | H11: =E11+(E11*$H$4) -> 49650.4 | I11: =+G11*H11 -> 158881280 | J11: =+F11+I11 -> 215089280
C12: Transporte a casco urbano municipios del Departamento de Antioquia | D12: =+D11 -> 1200 | E12: =+'TRANSPORTE SUBASTA '!J32 -> 2971.1257 | F12: =+D12*E12 -> 3565350.8 | G12: =+G11 -> 3200 | H12: =E12+(E12*$H$4) -> 3149.3932 | I12: =+G12*H12 -> 10078058 | J12: =+F12+I12 -> 13643409
C13: Bodega. Con un área mínima de 80 mts 2. Para almacenamiento de Alimentos. | D13: 3.5 | E13: =+BODEGA!I17 -> 2120000 | F13: =+D13*E13 -> 7420000 | G13: 11.5 | H13: =E13+(E13*$H$4) -> 2247200 | I13: =+G13*H13 -> 25842800 | J13: =+F13+I13 -> 33262800
C14: TOTAL LOTE LACTEO EN POLVO | F14: =SUM(F11:F13) -> 67193351 | I14: =SUM(I11:I13) -> 1.9480214e+08 | J14: =SUM(J11:J13) -> 2.6199549e+08
B16: TOTAL COMPLEMENTOS | D16: =+D6+D11 -> 6600 | F16: =+F9+F14 -> 4.791154e+08 | G16: =+G6+G11 -> 19400 | I16: =+I9+I14 -> 1.5080851e+09 | J16: =+J9+J14 -> 1.9872005e+09

Sheet COMPLEMENTOS ALC
A1: ver
A2: ITEM | B2: ESPECIFICACIONES TECNICAS DEL PRODUCTO (REQUERIMIENTO NUTRICIONAL) | C2: ESPECIFICACIONES TECNICAS DEL EMPAQUE | D2: UNIDAD DE MEDIDA | E2: GRAMAJE gr | F2: CANTIDAD | G2: ITACATE | K2: GR LOGISTICA | O2: GRIFFITH FOODS S.A.S | S2: PROMEDIO
G3: PRECIO x PAQUETE (iva incluido) | H3: PRECIO TOTAL | I3: IMAGEN DE COTIZACION | J3: OBSERVACIONES | K3: PRECIO UNITARIO (iva incluido) | L3: PRECIO TOTAL | M3: IMAGEN DE COTIZACION | N3: OBSERVACIONES | O3: PRECIO UNITARIO (iva incluido) | P3: PRECIO TOTAL | Q3: IMAGEN DE COTIZACION | R3: OBSERVACIONES
A4: Alimento listo para consumo (ALC) Sobre x 20 gr | B4: CALORIAS (Kcal) 108 PROTEINA (g) 3 GRASA(g) 6.8 CHOS (g) 9.2 SODIO (mg) 43 CALCIO (mg) 111 HIERRO (mg) 10 ZINC (mg) 3.7 VITAMINA A (ug ER) 696 VITAMINA D (UI) 54 | C4: PRIMARIO: Empacado en película multicapa laminada y metalizada con alta barrera a la humedad y muy buena protección al oxígeno. Tres capas con las siguientes características: POLIESTER 12 - BOPP METALIZADO 17,2 y PEBD 1.8 - 72 g/m2 medidas 140 cm 105 cm. SECUNDARIO: Material: El empaque destinado para contener 30 sobres, debe corresponder a polietileno de baja densidad calibre mínimo 1.5. Deberá cumplir con las características de empaque descritas a continuación: El empaque debe ser flexible, transparente a polietileno de baja densidad calibre mínimo 1.5. El peso de resistencia debe ser mínimo de 2 kilogramos y máximo de 3 kilogramos. El material del empaque debe ser apto para la impresión flexográfica. - Las bolsas deben entregarse selladas. Para el Alimento Listo para el Consumo. El productor debe adaptar las dimensiones de acuerdo con el número de sobres que lo conforman. TERCIARIO: Embalado en cajas de cartón corrugado que garantice la protección y conservación del producto en los procesos de manipulación, transporte, almacenamiento y distribución. El empaque debe ser de caja de cartón corrugado; que garantice la protección y conservación del producto en los procesos de manipulación, transporte, almacenamiento y distribución. | D4: Paquete | E4: =20*30 -> 600 | F4: 12400 | G4: =2408*30 -> 72240 | H4: =+F4*G4 -> 895776000 | I4: ver imagen adjunta | K4: =2408*30 -> 72240 | L4: =+F4*K4 -> 895776000 | M4: ver imagen adjunta | R4: No cuentan con un producto que se ajuste a dichas especificaciones | S4: =+(G4+K4)/2 -> 72240

Sheet COMPLEMENTOS LEP
A2: PROPUESTA DE ALIMENTO LACTEO EN POLVO (Madres gestantes)
A3: ITEM | B3: ESPECIFICACIONES TECNICAS DEL PRODUCTO (REQUERIMIENTO NUTRICIONAL) | C3: ESPECIFICACIONES TECNICAS DEL EMPAQUE | D3: UNIDAD DE MEDIDA | E3: GRAMAJE | F3: CANTIDAD | G3: ENTREGA POR BENEFICIARIO (BOLSAS) | H3: ÉXITO | L3: NUVAL | P3: ITACATE | T3: PROMEDIO
H4: PRECIO UNITARIO (iva incluido) | I4: PRECIO TOTAL | J4: IMAGEN DE COTIZACION | K4: OBSERVACIONES | L4: PRECIO UNITARIO (iva incluido) | M4: PRECIO TOTAL | N4: IMAGEN DE COTIZACION | O4: OBSERVACIONES | P4: PRECIO UNITARIO (iva incluido) | Q4: PRECIO TOTAL | R4: IMAGEN DE COTIZACION | S4: OBSERVACIONES
A5: Alimento lacteo en polvo | B5: Aporte nutiricional por poción (36 gramos) Calorias (Kcal) 126 Proteina (g) 9.2 Grasa (g) 1.8 CHOS (g) 19 Fibra dietaria (g) 1,6 Sodio (mg) 105 Calcio (mg) 404 Hierro (mg) 15 Acido folico (ug) 296 Vitamina A (ug ER) 443 Vitamina D (UI) 14 | C5: Bolsa de material laminado | D5: Bolsa | E5: 400 g | F5: 2400 | G5: 2 | H5: =23400*G5 -> 46800 | I5: =+F5*H5 -> 112320000 | J5: ver imagen adjunta | K5: https://www.exito.com/alimento-lacteo-mama-superlac-400-gramo-275914/p | L5: =23440*G5 -> 46880 | M5: =+F5*L5 -> 112512000 | N5: ver imagen adjunta | O5: https://nuval.com.co/producto/superlac-mama/ | S5: Este proveedor no cuenta con este producto | T5: =+(H5+L5)/2 -> 46840

Sheet TRANSPORTE SUBASTA 
B1: TRANSPORTE ALIMENTO LISTO PARA EL CONSUMO (ALC) x SUBREGIÓN x paquete de 30 unidades
B2: SUBREGION | C2: VALOR PROMEDIO KILO CASCO URBANO POR SUBREGION | D2: PESO TOTAL PAQUETE ARRULLOS EN KG | E2: VALOR PROMEDIO TRANSPORTE POR SUBREGION EMPRESAS DE PAQUETEO | F2: VALOR PROMEDIO KILO RURALIDAD POR SUBREGION | G2: PESO TOTAL PAQUETE ARRULLOS EN KG | H2: VALOR PROMEDIO KILOS TOTALES PAQUETE RURALIDAD POR SUBREGION | J2: COSTO PROMEDIO POR SUBREGIÓN POR PAQUETE
B3: Bajo Cauca | C3: =+U159 -> 4993.1741 | D3: 0.6 | E3: =C3*D3 -> 2995.9044 | F3: 1759 | G3: 0.6 | H3: =F3*G3 -> 1055.4 | I3: 2 | J3: =(E3+H3)/$I$3 -> 2025.6522
B4: Norte | C4: =+U56 -> 5618.0719 | D4: 0.6 | E4: =C4*D4 -> 3370.8431 | F4: 1741 | G4: 0.6 | H4: =F4*G4 -> 1044.6 | J4: =(E4+H4)/$I$3 -> 2207.7216
B5: Suroeste | C5: =+U125 -> 5426.9565 | D5: 0.6 | E5: =C5*D5 -> 3256.1739 | F5: 1250 | G5: 0.6 | H5: =F5*G5 -> 750 | J5: =(E5+H5)/$I$3 -> 2003.087
B6: Urabá | C6: =+U148 -> 4858.6404 | D6: 0.6 | E6: =C6*D6 -> 2915.1842 | F6: 1713 | G6: 0.6 | H6: =F6*G6 -> 1027.8 | J6: =(E6+H6)/$I$3 -> 1971.4921
B7: Magdalena Medio | C7: =+U40 -> 5633.7037 | D7: 0.6 | E7: =C7*D7 -> 3380.2222 | F7: 2308 | G7: 0.6 | H7: =F7*G7 -> 1384.8 | J7: =(E7+H7)/$I$3 -> 2382.5111
B8: Nordeste | C8: =+U46 -> 5357.1111 | D8: 0.6 | E8: =C8*D8 -> 3214.2667 | F8: 2063 | G8: 0.6 | H8: =F8*G8 -> 1237.8 | J8: =(E8+H8)/$I$3 -> 2226.0333
B9: Occidente | C9: =+U73 -> 6047.269 | D9: 0.6 | E9: =C9*D9 -> 3628.3614 | F9: 2043 | G9: 0.6 | H9: =F9*G9 -> 1225.8 | J9: =(E9+H9)/$I$3 -> 2427.0807
B10: Oriente | C10: =+U92 -> 4740.5314 | D10: 0.6 | E10: =C10*D10 -> 2844.3188 | F10: 1378 | G10: 0.6 | H10: =F10*G10 -> 826.8 | J10: =(E10+H10)/$I$3 -> 1835.5594
B11: Valle de Aburra | C11: =+U115 -> 1667.0556 | D11: 0.6 | E11: =C11*D11 -> 1000.2333 | F11: 825 | G11: 0.6 | H11: =F11*G11 -> 495 | J11: =(E11+H11)/$I$3 -> 747.61667
B13: VALOR PROMEDIO TRANSPORTE x PAQUETE de 30 unidades | E13: =SUM(E3:E11)/9 -> 2956.1676 | H13: =SUM(H3:H11)/9 -> 1005.3333 | J13: =SUM(J3:J11)/9 -> 1980.7505
F15: ok
B20: TRANSPORTE COMPLEMENTO LACTEO EN POLVO x SUBREGIÓN x UNIDAD
B21: SUBREGION | C21: VALOR PROMEDIO KILO CASCO URBANO POR SUBREGION | D21: PESO TOTAL PAQUETE ARRULLOS EN KG | E21: VALOR PROMEDIO TRANSPORTE POR SUBREGION EMPRESAS DE PAQUETEO | F21: VALOR PROMEDIO KILO RURALIDAD POR SUBREGION | G21: PESO TOTAL PAQUETE ARRULLOS EN KG | H21: VALOR PROMEDIO KILOS TOTALES PAQUETE RURALIDAD POR SUBREGION | J21: COSTO PROMEDIO POR SUBREGIÓN POR UNIDAD
B22: Bajo Cauca | C22: 4993.1741 | D22: 0.9 | E22: =C22*D22 -> 4493.8567 | F22: 1759 | G22: 0.9 | H22: =F22*G22 -> 1583.1 | I22: 2 | J22: =(E22+H22)/$I$3 -> 3038.4783
B23: Norte | C23: 5618.0719 | D23: 0.9 | E23: =C23*D23 -> 5056.2647 | F23: 1741 | G23: 0.9 | H23: =F23*G23 -> 1566.9 | J23: =(E23+H23)/$I$3 -> 3311.5824
B24: Suroeste | C24: 5426.9565 | D24: 0.9 | E24: =C24*D24 -> 4884.2609 | F24: 1250 | G24: 0.9 | H24: =F24*G24 -> 1125 | J24: =(E24+H24)/$I$3 -> 3004.6304
B25: Urabá | C25: 4858.6404 | D25: 0.9 | E25: =C25*D25 -> 4372.7764 | F25: 1713 | G25: 0.9 | H25: =F25*G25 -> 1541.7 | J25: =(E25+H25)/$I$3 -> 2957.2382
B26: Magdalena Medio | C26: 5633.7037 | D26: 0.9 | E26: =C26*D26 -> 5070.3333 | F26: 2308 | G26: 0.9 | H26: =F26*G26 -> 2077.2 | J26: =(E26+H26)/$I$3 -> 3573.7667
B27: Nordeste | C27: 5357.1111 | D27: 0.9 | E27: =C27*D27 -> 4821.4 | F27: 2063 | G27: 0.9 | H27: =F27*G27 -> 1856.7 | J27: =(E27+H27)/$I$3 -> 3339.05
B28: Occidente | C28: 6047.269 | D28: 0.9 | E28: =C28*D28 -> 5442.5421 | F28: 2043 | G28: 0.9 | H28: =F28*G28 -> 1838.7 | J28: =(E28+H28)/$I$3 -> 3640.6211
B29: Oriente | C29: 4740.5314 | D29: 0.9 | E29: =C29*D29 -> 4266.4783 | F29: 1378 | G29: 0.9 | H29: =F29*G29 -> 1240.2 | J29: =(E29+H29)/$I$3 -> 2753.3391
B30: Valle de Aburra | C30: 1667.0556 | D30: 0.9 | E30: =C30*D30 -> 1500.35 | F30: 825 | G30: 0.9 | H30: =F30*G30 -> 742.5 | J30: =(E30+H30)/$I$3 -> 1121.425
B32: VALOR PROMEDIO TRANSPORTE x PAQUETE de 30 unidades | E32: =SUM(E22:E30)/9 -> 4434.2514 | H32: =SUM(H22:H30)/9 -> 1508 | J32: =SUM(J22:J30)/9 -> 2971.1257
F34: VALORES DE REFERENCIA DE COSTO: Tomados de las cajas de compensación COMFAMA y COMFENALCO; que actualmente están operando los paquetes alimentarios del programa Arrullos Antioquia.
J35: INTERRRAPIDISIMO | K35: SERVIENTREGA | L35: ENVIA
B38: Subregión | C38: Código DANE | D38: Municipio | E38: Peso | F38: Medidas en Centimetros | I38: INTERAPIDISIMO | M38: SERVIENTREGA | Q38: ENVIA | U38: PROMEDIO TOTAL POR ENVIO POR MUNICIPIO | V38: kilo | W38: Peso en gramos x Bolsa de 30 unidades
E39: Peso | F39: Alto | G39: Largo | H39: Ancho | I39: Valor envio | J39: Valor por Kilo | K39: Promedio del valor del envio por subregión | L39: Promedio de valor por kilo por subregión | M39: Valor envio | N39: Valor por Kilo | O39: Promedio por subregión | P39: Promedio de valor por kilo por subregión | Q39: Valor envio | R39: Valor por Kilo | S39: Promedio por subregión | T39: Promedio de valor por kilo por subregión | U39: (Interapidisimo - Servientrega - Envia) | V39: 1 | W39: 0.6
B40: Magdalena Medio | C40: 05579 | D40: Puerto Berrío | E40: 9 | F40: 23 | G40: 48 | H40: 28 | I40: 49100 | J40: =I40/E40 -> 5455.5556 | K40: =AVERAGE(I40:I45) -> 52183.333 | L40: =AVERAGE(J40:J45) -> 5798.1481 | M40: 67000 | N40: =M40/E40 -> 7444.4444 | O40: =AVERAGE(M40:M45) -> 89950 | P40: =AVERAGE(N40:N45) -> 9994.4444 | Q40: 60700 | R40: =Q40/E40 -> 6744.4444 | S40: =AVERAGE(Q40:Q45) -> 111383.33 | T40: =AVERAGE(R40:R45) -> 12375.926 | U40: =((L40+P40+T40)/3)/$V$39*$W$39 -> 5633.7037
B41: Magdalena Medio | C41: 05585 | D41: Puerto Nare | E41: 9 | F41: 23 | G41: 48 | H41: 28 | I41: 58700 | J41: =I41/E41 -> 6522.2222 | M41: 109400 | N41: =M41/E41 -> 12155.556 | Q41: 134200 | R41: =Q41/E41 -> 14911.111
B42: Magdalena Medio | C42: 05591 | D42: Puerto Triunfo | E42: 9 | F42: 23 | G42: 48 | H42: 28 | I42: 49100 | J42: =I42/E42 -> 5455.5556 | M42: 67000 | N42: =M42/E42 -> 7444.4444 | Q42: 134200 | R42: =Q42/E42 -> 14911.111
B43: Magdalena Medio | C43: 05893 | D43: Yondó | E43: 9 | F43: 23 | G43: 48 | H43: 28 | I43: 58000 | J43: =I43/E43 -> 6444.4444 | M43: 109400 | N43: =M43/E43 -> 12155.556 | Q43: 70800 | R43: =Q43/E43 -> 7866.6667
B44: Magdalena Medio | D44: Caracolí | E44: 9 | F44: 23 | G44: 48 | H44: 28 | I44: 49100 | J44: =I44/E44 -> 5455.5556 | M44: 77500 | N44: =M44/E44 -> 8611.1111 | Q44: 134200 | R44: =Q44/E44 -> 14911.111
B45: Magdalena Medio | D45: Maceo | E45: 9 | F45: 23 | G45: 48 | H45: 28 | I45: 49100 | J45: =I45/E45 -> 5455.5556 | M45: 109400 | N45: =M45/E45 -> 12155.556 | Q45: 134200 | R45: =Q45/E45 -> 14911.111
B46: Nordeste | C46: 05031 | D46: Amalfi | E46: 9 | F46: 23 | G46: 48 | H46: 28 | I46: 58700 | J46: =I46/E46 -> 6522.2222 | K46: =AVERAGE(I46:I55) -> 51750 | L46: =AVERAGE(J46:J55) -> 5750 | M46: 109400 | N46: =M46/E46 -> 12155.556 | O46: =AVERAGE(M46:M55) -> 109400 | P46: =AVERAGE(N46:N55) -> 12155.556 | Q46: 83300 | R46: =Q46/E46 -> 9255.5556 | S46: =AVERAGE(Q46:Q55) -> 79920 | T46: =AVERAGE(R46:R55) -> 8880 | U46: =((L46+P46+T46)/3)/V39*W39 -> 5357.1111
B47: Nordeste | C47: 05040 | D47: Anorí | E47: 9 | F47: 23 | G47: 48 | H47: 28 | I47: 66000 | J47: =I47/E47 -> 7333.3333 | M47: 109400 | N47: =M47/E47 -> 12155.556 | Q47: 134200 | R47: =Q47/E47 -> 14911.111
B48: Nordeste | C48: 05604 | D48: Remedios | E48: 9 | F48: 23 | G48: 48 | H48: 28 | I48: 49100 | J48: =I48/E48 -> 5455.5556 | M48: 109400 | N48: =M48/E48 -> 12155.556 | Q48: 60700 | R48: =Q48/E48 -> 6744.4444
B49: Nordeste | C49: 05670 | D49: San Roque | E49: 9 | F49: 23 | G49: 48 | H49: 28 | I49: 49100 | J49: =I49/E49 -> 5455.5556 | M49: 109400 | N49: =M49/E49 -> 12155.556 | Q49: 60700 | R49: =Q49/E49 -> 6744.4444
B50: Nordeste | C50: 05736 | D50: Segovia | E50: 9 | F50: 23 | G50: 48 | H50: 28 | I50: 49100 | J50: =I50/E50 -> 5455.5556 | M50: 109400 | N50: =M50/E50 -> 12155.556 | Q50: 60700 | R50: =Q50/E50 -> 6744.4444
B51: Nordeste | C51: 05858 | D51: Vegachí | E51: 9 | F51: 23 | G51: 48 | H51: 28 | I51: 49100 | J51: =I51/E51 -> 5455.5556 | M51: 109400 | N51: =M51/E51 -> 12155.556 | Q51: 60700 | R51: =Q51/E51 -> 6744.4444
B52: Nordeste | D52: Cisneros | E52: 9 | F52: 23 | G52: 48 | H52: 28 | I52: 49100 | J52: =I52/E52 -> 5455.5556 | M52: 109400 | N52: =M52/E52 -> 12155.556 | Q52: 83300 | R52: =Q52/E52 -> 9255.5556
B53: Nordeste | D53: Santo domingo | E53: 9 | F53: 23 | G53: 48 | H53: 28 | I53: 49100 | J53: =I53/E53 -> 5455.5556 | M53: 109400 | N53: =M53/E53 -> 12155.556 | Q53: 134200 | R53: =Q53/E53 -> 14911.111
B54: Nordeste | D54: Yalí | E54: 9 | F54: 23 | G54: 48 | H54: 28 | I54: 49100 | J54: =I54/E54 -> 5455.5556 | M54: 109400 | N54: =M54/E54 -> 12155.556 | Q54: 60700 | R54: =Q54/E54 -> 6744.4444
B55: Nordeste | D55: Yolombó | E55: 9 | F55: 23 | G55: 48 | H55: 28 | I55: 49100 | J55: =I55/E55 -> 5455.5556 | M55: 109400 | N55: =M55/E55 -> 12155.556 | Q55: 60700 | R55: =Q55/E55 -> 6744.4444
B56: Norte | C56: 05038 | D56: Angostura | E56: 9 | F56: 23 | G56: 48 | H56: 28 | I56: 58700 | J56: =I56/E56 -> 6522.2222 | K56: =AVERAGE(I56:I72) -> 58323.529 | L56: =AVERAGE(J56:J72) -> 6480.3922 | M56: 109400 | N56: =M56/E56 -> 12155.556 | O56: =AVERAGE(M56:M72) -> 98141.176 | P56: =AVERAGE(N56:N72) -> 10904.575 | Q56: 134200 | R56: =Q56/E56 -> 14911.111 | S56: =AVERAGE(Q56:Q72) -> 96348.529 | T56: =AVERAGE(R56:R72) -> 10705.392 | U56: =((L56+P56+T56)/3)/V39*W39 -> 5618.0719
B57: Norte | C57: 05361 | D57: Ituango | E57: 9 | F57: 23 | G57: 48 | H57: 28 | I57: 71500 | J57: =I57/E57 -> 7944.4444 | M57: 109400 | N57: =M57/E57 -> 12155.556 | Q57: 134200 | R57: =Q57/E57 -> 14911.111
B58: Norte | C58: 05854 | D58: Valdivia | E58: 9 | F58: 23 | G58: 48 | H58: 28 | I58: 49100 | J58: =I58/E58 -> 5455.5556 | M58: 109400 | N58: =M58/E58 -> 12155.556 | Q58: 83300 | R58: =Q58/E58 -> 9255.5556
B59: Norte | C59: 05887 | D59: Yarumal | E59: 9 | F59: 23 | G59: 48 | H59: 28 | I59: 49100 | J59: =I59/E59 -> 5455.5556 | M59: 77500 | N59: =M59/E59 -> 8611.1111 | Q59: 42800 | R59: =Q59/E59 -> 4755.5556
B60: Norte | D60: Belmira | E60: 9 | F60: 23 | G60: 48 | H60: 28 | I60: 71500 | J60: =I60/E60 -> 7944.4444 | M60: 109400 | N60: =M60/E60 -> 12155.556 | Q60: 134200 | R60: =Q60/E60 -> 14911.111
B61: Norte | D61: Briceño | E61: 9 | F61: 23 | G61: 48 | H61: 28 | I61: 71500 | J61: =I61/E61 -> 7944.4444 | M61: 109400 | N61: =M61/E61 -> 12155.556 | Q61: 134200 | R61: =Q61/E61 -> 14911.111
B62: Norte | D62: Campamento | E62: 9 | F62: 23 | G62: 48 | H62: 28 | I62: 58700 | J62: =I62/E62 -> 6522.2222 | M62: 109400 | N62: =M62/E62 -> 12155.556 | Q62: 134200 | R62: =Q62/E62 -> 14911.111
B63: Norte | D63: Carolina del Principe | E63: 9 | F63: 23 | G63: 48 | H63: 28 | I63: 58700 | J63: =I63/E63 -> 6522.2222 | M63: 109400 | N63: =M63/E63 -> 12155.556 | Q63: 83300 | R63: =Q63/E63 -> 9255.5556
B64: Norte | D64: Donmatias | E64: 9 | F64: 23 | G64: 48 | H64: 28 | I64: 49100 | J64: =I64/E64 -> 5455.5556 | M64: 77500 | N64: =M64/E64 -> 8611.1111 | Q64: 48200 | R64: =Q64/E64 -> 5355.5556
B65: Norte | D65: Gómez plata | E65: 9 | F65: 23 | G65: 48 | H65: 28 | I65: 58700 | J65: =I65/E65 -> 6522.2222 | M65: 109400 | N65: =M65/E65 -> 12155.556 | Q65: 83300 | R65: =Q65/E65 -> 9255.5556
B66: Norte | D66: Guadalupe | E66: 9 | F66: 23 | G66: 48 | H66: 28 | I66: 58700 | J66: =I66/E66 -> 6522.2222 | M66: 109400 | N66: =M66/E66 -> 12155.556 | Q66: 83300 | R66: =Q66/E66 -> 9255.5556
B67: Norte | D67: Entrerrios | E67: 9 | F67: 23 | G67: 48 | H67: 28 | I67: 49100 | J67: =I67/E67 -> 5455.5556 | M67: 77500 | N67: =M67/E67 -> 8611.1111 | Q67: 48200 | R67: =Q67/E67 -> 5355.5556
B68: Norte | D68: San andres de cuerquia | E68: 9 | F68: 23 | G68: 48 | H68: 28 | I68: 58700 | J68: =I68/E68 -> 6522.2222 | M68: 109400 | N68: =M68/E68 -> 12155.556 | Q68: 134200 | R68: =Q68/E68 -> 14911.111
B69: Norte | D69: San jose de la montaña | E69: 9 | F69: 23 | G69: 48 | H69: 28 | I69: 58700 | J69: =I69/E69 -> 6522.2222 | M69: 77500 | N69: =M69/E69 -> 8611.1111 | Q69: 134200 | R69: =Q69/E69 -> 14911.111
B70: Norte | D70: San pedro de los milagros | E70: 9 | F70: 23 | G70: 48 | H70: 28 | I70: 49100 | J70: =I70/E70 -> 5455.5556 | M70: 77500 | N70: =M70/E70 -> 8611.1111 | Q70: 43725 | R70: =Q70/E70 -> 4858.3333
B71: Norte | D71: Santa rosa de osos | E71: 9 | F71: 23 | G71: 48 | H71: 28 | I71: 49100 | J71: =I71/E71 -> 5455.5556 | M71: 77500 | N71: =M71/E71 -> 8611.1111 | Q71: 48200 | R71: =Q71/E71 -> 5355.5556
B72: Norte | D72: Toledo | E72: 9 | F72: 23 | G72: 48 | H72: 28 | I72: 71500 | J72: =I72/E72 -> 7944.4444 | M72: 109400 | N72: =M72/E72 -> 12155.556 | Q72: 134200 | R72: =Q72/E72 -> 14911.111
B73: Occidente | C73: 05042 | D73: Santa Fé de Antioquia | E73: 9 | F73: 23 | G73: 48 | H73: 28 | I73: 49100 | J73: =I73/E73 -> 5455.5556 | K73: =AVERAGE(I73:I91) -> 58194.737 | L73: =AVERAGE(J73:J91) -> 6466.0819 | M73: 77500 | N73: =M73/E73 -> 8611.1111 | O73: =AVERAGE(M73:M91) -> 107721.05 | P73: =AVERAGE(N73:N91) -> 11969.006 | Q73: 48200 | R73: =Q73/E73 -> 5355.5556 | S73: =AVERAGE(Q73:Q91) -> 106211.32 | T73: =AVERAGE(R73:R91) -> 11801.257 | U73: =((L73+P73+T73)/3)/V39*W39 -> 6047.269
B74: Occidente | C74: 05138 | D74: Cañasgordas | E74: 9 | F74: 23 | G74: 48 | H74: 28 | I74: 49100 | J74: =I74/E74 -> 5455.5556 | M74: 109400 | N74: =M74/E74 -> 12155.556 | Q74: 60700 | R74: =Q74/E74 -> 6744.4444
B75: Occidente | C75: 05234 | D75: Dabeiba | E75: 9 | F75: 23 | G75: 48 | H75: 28 | I75: 49100 | J75: =I75/E75 -> 5455.5556 | M75: 109400 | N75: =M75/E75 -> 12155.556 | Q75: 60700 | R75: =Q75/E75 -> 6744.4444
B76: Occidente | C76: 05284 | D76: Frontino | E76: 9 | F76: 23 | G76: 48 | H76: 28 | I76: 58700 | J76: =I76/E76 -> 6522.2222 | M76: 109400 | N76: =M76/E76 -> 12155.556 | Q76: 60700 | R76: =Q76/E76 -> 6744.4444
B77: Occidente | C77: 05628 | D77: Sabanalarga | E77: 9 | F77: 23 | G77: 48 | H77: 28 | I77: 49100 | J77: =I77/E77 -> 5455.5556 | M77: 109400 | N77: =M77/E77 -> 12155.556 | Q77: 134200 | R77: =Q77/E77 -> 14911.111
B78: Occidente | C78: 05761 | D78: Sopetrán | E78: 9 | F78: 23 | G78: 48 | H78: 28 | I78: 49100 | J78: =I78/E78 -> 5455.5556 | M78: 109400 | N78: =M78/E78 -> 12155.556 | Q78: 48200 | R78: =Q78/E78 -> 5355.5556
B79: Occidente | C79: 05842 | D79: Uramita | E79: 9 | F79: 23 | G79: 48 | H79: 28 | I79: 49100 | J79: =I79/E79 -> 5455.5556 | M79: 109400 | N79: =M79/E79 -> 12155.556 | Q79: 80915 | R79: =Q79/E79 -> 8990.5556
B80: Occidente | D80: Abriaquí | E80: 9 | F80: 23 | G80: 48 | H80: 28 | I80: 71500 | J80: =I80/E80 -> 7944.4444 | M80: 109400 | N80: =M80/E80 -> 12155.556 | Q80: 134200 | R80: =Q80/E80 -> 14911.111
B81: Occidente | D81: Anzá | E81: 9 | F81: 23 | G81: 48 | H81: 28 | I81: 71500 | J81: =I81/E81 -> 7944.4444 | M81: 109400 | N81: =M81/E81 -> 12155.556 | Q81: 134200 | R81: =Q81/E81 -> 14911.111
B82: Occidente | D82: Armenia | E82: 9 | F82: 23 | G82: 48 | H82: 28 | I82: 71500 | J82: =I82/E82 -> 7944.4444 | M82: 109400 | N82: =M82/E82 -> 12155.556 | Q82: 134200 | R82: =Q82/E82 -> 14911.111
B83: Occidente | D83: Buriticá | E83: 9 | F83: 23 | G83: 48 | H83: 28 | I83: 58700 | J83: =I83/E83 -> 6522.2222 | M83: 109400 | N83: =M83/E83 -> 12155.556 | Q83: 134200 | R83: =Q83/E83 -> 14911.111
B84: Occidente | D84: Caicedo | E84: 9 | F84: 23 | G84: 48 | H84: 28 | I84: 71500 | J84: =I84/E84 -> 7944.4444 | M84: 109400 | N84: =M84/E84 -> 12155.556 | Q84: 134200 | R84: =Q84/E84 -> 14911.111
B85: Occidente | D85: Ebéjico | E85: 9 | F85: 23 | G85: 48 | H85: 28 | I85: 58700 | J85: =I85/E85 -> 6522.2222 | M85: 109400 | N85: =M85/E85 -> 12155.556 | Q85: 134200 | R85: =Q85/E85 -> 14911.111
B86: Occidente | D86: Giraldo | E86: 9 | F86: 23 | G86: 48 | H86: 28 | I86: 58700 | J86: =I86/E86 -> 6522.2222 | M86: 109400 | N86: =M86/E86 -> 12155.556 | Q86: 134200 | R86: =Q86/E86 -> 14911.111
B87: Occidente | D87: Heliconia | E87: 9 | F87: 23 | G87: 48 | H87: 28 | I87: 71500 | J87: =I87/E87 -> 7944.4444 | M87: 109400 | N87: =M87/E87 -> 12155.556 | Q87: 134200 | R87: =Q87/E87 -> 14911.111
B88: Occidente | D88: Liborina | E88: 9 | F88: 23 | G88: 48 | H88: 28 | I88: 49100 | J88: =I88/E88 -> 5455.5556 | M88: 109400 | N88: =M88/E88 -> 12155.556 | Q88: 134200 | R88: =Q88/E88 -> 14911.111
B89: Occidente | D89: Olaya | E89: 9 | F89: 23 | G89: 48 | H89: 28 | I89: 49100 | J89: =I89/E89 -> 5455.5556 | M89: 109400 | N89: =M89/E89 -> 12155.556 | Q89: 134200 | R89: =Q89/E89 -> 14911.111
B90: Occidente | D90: Peque | E90: 9 | F90: 23 | G90: 48 | H90: 28 | I90: 71500 | J90: =I90/E90 -> 7944.4444 | M90: 109400 | N90: =M90/E90 -> 12155.556 | Q90: 134200 | R90: =Q90/E90 -> 14911.111
B91: Occidente | D91: San jerónimo | E91: 9 | F91: 23 | G91: 48 | H91: 28 | I91: 49100 | J91: =I91/E91 -> 5455.5556 | M91: 109400 | N91: =M91/E91 -> 12155.556 | Q91: 48200 | R91: =Q91/E91 -> 5355.5556
B92: Oriente | C92: 05002 | D92: Abejorral | E92: 9 | F92: 23 | G92: 48 | H92: 28 | I92: 49100 | J92: =I92/E92 -> 5455.5556 | K92: =AVERAGE(I92:I114) -> 51686.957 | L92: =AVERAGE(J92:J114) -> 5742.9952 | M92: 109400 | N92: =M92/E92 -> 12155.556 | O92: =AVERAGE(M92:M114) -> 80282.609 | P92: =AVERAGE(N92:N114) -> 8920.2899 | Q92: 134200 | R92: =Q92/E92 -> 14911.111 | S92: =AVERAGE(Q92:Q114) -> 81354.348 | T92: =AVERAGE(R92:R114) -> 9039.372 | U92: =((L92+P92+T92)/3)/V39*W39 -> 4740.5314
B93: Oriente | C93: 05055 | D93: Argelia | E93: 9 | F93: 23 | G93: 48 | H93: 28 | I93: 58700 | J93: =I93/E93 -> 6522.2222 | M93: 109400 | N93: =M93/E93 -> 12155.556 | Q93: 134200 | R93: =Q93/E93 -> 14911.111
B94: Oriente | C94: 05197 | D94: Cocorná | E94: 9 | F94: 23 | G94: 48 | H94: 28 | I94: 49100 | J94: =I94/E94 -> 5455.5556 | M94: 109400 | N94: =M94/E94 -> 12155.556 | Q94: 134200 | R94: =Q94/E94 -> 14911.111
B95: Oriente | C95: 05313 | D95: Granada | E95: 9 | F95: 23 | G95: 48 | H95: 28 | I95: 49100 | J95: =I95/E95 -> 5455.5556 | M95: 266500 | N95: =M95/E95 -> 29611.111 | Q95: 134200 | R95: =Q95/E95 -> 14911.111
B96: Oriente | C96: 05376 | D96: La Ceja del Tambo | E96: 9 | F96: 23 | G96: 48 | H96: 28 | I96: 49100 | J96: =I96/E96 -> 5455.5556 | M96: 32500 | N96: =M96/E96 -> 3611.1111 | Q96: 21400 | R96: =Q96/E96 -> 2377.7778
B97: Oriente | C97: 05400 | D97: La Unión | E97: 9 | F97: 23 | G97: 48 | H97: 28 | I97: 49100 | J97: =I97/E97 -> 5455.5556 | M97: 32500 | N97: =M97/E97 -> 3611.1111 | Q97: 32675 | R97: =Q97/E97 -> 3630.5556
B98: Oriente | C98: 05440 | D98: Marinilla | E98: 9 | F98: 23 | G98: 48 | H98: 28 | I98: 49100 | J98: =I98/E98 -> 5455.5556 | M98: 32500 | N98: =M98/E98 -> 3611.1111 | Q98: 19625 | R98: =Q98/E98 -> 2180.5556
B99: Oriente | C99: 05483 | D99: Nariño | E99: 9 | F99: 23 | G99: 48 | H99: 28 | I99: 58700 | J99: =I99/E99 -> 6522.2222 | M99: 109400 | N99: =M99/E99 -> 12155.556 | Q99: 134200 | R99: =Q99/E99 -> 14911.111
B100: Oriente | C100: 05541 | D100: El Peñol | E100: 9 | F100: 23 | G100: 48 | H100: 28 | I100: 49100 | J100: =I100/E100 -> 5455.5556 | M100: 38500 | N100: =M100/E100 -> 4277.7778 | Q100: 48200 | R100: =Q100/E100 -> 5355.5556
B101: Oriente | C101: 05615 | D101: Rionegro | E101: 9 | F101: 23 | G101: 48 | H101: 28 | I101: 25400 | J101: =I101/E101 -> 2822.2222 | M101: 32500 | N101: =M101/E101 -> 3611.1111 | Q101: 19625 | R101: =Q101/E101 -> 2180.5556
B102: Oriente | C102: 05649 | D102: San Carlos | E102: 9 | F102: 23 | G102: 48 | H102: 28 | I102: 71500 | J102: =I102/E102 -> 7944.4444 | M102: 77500 | N102: =M102/E102 -> 8611.1111 | Q102: 60700 | R102: =Q102/E102 -> 6744.4444
B103: Oriente | C103: 05660 | D103: San Luis | E103: 9 | F103: 23 | G103: 48 | H103: 28 | I103: 49100 | J103: =I103/E103 -> 5455.5556 | M103: 109400 | N103: =M103/E103 -> 12155.556 | Q103: 134200 | R103: =Q103/E103 -> 14911.111
B104: Oriente | C104: 05667 | D104: San Rafael | E104: 9 | F104: 23 | G104: 48 | H104: 28 | I104: 49100 | J104: =I104/E104 -> 5455.5556 | M104: 109400 | N104: =M104/E104 -> 12155.556 | Q104: 134200 | R104: =Q104/E104 -> 14911.111
... B107: Oriente | C107: 05756 | D107: Sonsón | E107: 9 | F107: 23 | G107: 48 | H107: 28 | I107: 49100 | J107: =I107/E107 -> 5455.5556 | M107: 77500 | N107: =M107/E107 -> 8611.1111 | Q107: 134200 | R107: =Q107/E107 -> 14911.111
B108: Oriente | D108: Alejandria | E108: 9 | F108: 23 | G108: 48 | H108: 28 | I108: 58700 | J108: =I108/E108 -> 6522.2222 | M108: 109400 | N108: =M108/E108 -> 12155.556 | Q108: 134200 | R108: =Q108/E108 -> 14911.111
B109: Oriente | D109: Concepción | E109: 9 | F109: 23 | G109: 48 | H109: 28 | I109: 58700 | J109: =I109/E109 -> 6522.2222 | M109: 109400 | N109: =M109/E109 -> 12155.556 | Q109: 134200 | R109: =Q109/E109 -> 14911.111
B110: Oriente | D110: El carmen de viboral | E110: 9 | F110: 23 | G110: 48 | H110: 28 | I110: 49100 | J110: =I110/E110 -> 5455.5556 | M110: 32500 | N110: =M110/E110 -> 3611.1111 | Q110: 21400 | R110: =Q110/E110 -> 2377.7778
B111: Oriente | D111: El retiro | E111: 9 | F111: 23 | G111: 48 | H111: 28 | I111: 49100 | J111: =I111/E111 -> 5455.5556 | M111: 32500 | N111: =M111/E111 -> 3611.1111 | Q111: 21400 | R111: =Q111/E111 -> 2377.7778
B112: Oriente | D112: Guarne | E112: 9 | F112: 23 | G112: 48 | H112: 28 | I112: 49100 | J112: =I112/E112 -> 5455.5556 | M112: 32500 | N112: =M112/E112 -> 3611.1111 | Q112: 19625 | R112: =Q112/E112 -> 2180.5556
...

Sheet BODEGA
A1: Gobernación de Antioquia
A2: Unidad de programas sociales
A3: Estudio de Costos
A5: Bodega de Almacenamiento Alimento listo para el consumo - ALC
G6: Mts Cuadrados | I6: 120
A7: Concepto | B7: Unidad de Medida | C7: Caracteristicas | D7: Metro Cuadrado | E7: Espacio urbano | F7: Finca Raiz | G7: Precio Promedio | H7: Tiempo | I7: Costo total
A8: Bodega | B8: Unidad | C8: Con un área mínima de 120 mts 2. Para almacenamiento de Alimentos. | D8: =D20*I6 -> 3600000 | E8: =D21*I6 -> 3060000 | F8: =D22*I6 -> 2880000 | G8: =+AVERAGE(D8:F8) -> 3180000 | H8: 1 | I8: =ROUNDUP(H8*G8,0) -> 3180000
A10: Costo Total | I10: =ROUNDDOWN(SUM(I8:I8),0) -> 3180000
A12: Bodega Insumos de Almacenamiento
G13: Mts Cuadrados | I13: 80
A14: Concepto | B14: Unidad de Medida | C14: Caracteristicas | D14: Metro Cuadrado | E14: Espacio urbano | F14: Finca Raiz | G14: Precio Promedio | H14: Tiempo | I14: Costo total
A15: Bodega | B15: Unidad | C15: Con un área mínima de 80 mts 2. Para almacenamiento de Alimentos. | D15: =+D20*I13 -> 2400000 | E15: =+D21*I13 -> 2040000 | F15: =+D22*I13 -> 1920000 | G15: =+AVERAGE(D15:F15) -> 2120000 | H15: 1 | I15: =ROUNDUP(H15*G15,0) -> 2120000
A17: Costo Total | I17: =ROUNDDOWN(SUM(I15:I15),0) -> 2120000
A19: Agencia | B19: Valor Arriendo | C19: Metro Cuadrado | D19: Valor Metro Cuadrado
A20: Metro Cuadrado | B20: 6000000 | C20: 200 | D20: =+B20/C20 -> 30000 | G20: https://www.metrocuadrado.com/inmueble/arriendo-bodega-medellin-cristo-rey/687-M4859727
A21: Espacio Urbano | B21: 5100000 | C21: 200 | D21: =+B21/C21 -> 25500 | G21: https://www.espaciourbano.com/Resumen_Ciudad_arriendos.asp?pCiudad=10029&pTipoInmueble=6&nCiudad=Medellin%20Zona%204%20-%20Belen
A22: Finca Raiz | B22: 9600000 | C22: 400 | D22: =+B22/C22 -> 24000 | G22: https://www.fincaraiz.com.co/bodega-en-arriendo-en-guayabal-medellin/191512912

Sheet PROYECCIONES IPC 2026
B2: https://www.dane.gov.co/index.php/estadisticas-por-tema/precios-y-costos/indice-de-precios-al-consumidor-ipc/ipc-informacion-tecnica
B20: https://www.presidencia.gov.co/prensa/Paginas/Banco-de-la-Republica-preve-que-el-costo-de-vida-seguira-cayendo-y-economia-250506.aspx
